[ AOE2 MATCH · #465775645 ]
Team RMMongols vs Celts
[ REPLAY ANALYSIS · EXTRACTED FROM THE RECORDED GAME ]
Feudal
11:26
Castle
15:22
Imperial
30:35
| APM avg | 58.8 |
| APM peak | 144 |
| eAPM avg | 27.8 |
| Villagers / military | 211 / 315 |
Focus
⚔️ 23.8% · 🌾 76.2%
Mangudai ×165 · Mangonel ×121 · Scorpion ×25 · Trade Cart ×21 · Monk ×4
Feudal
12:12
Castle
15:51
Imperial
30:25
| APM avg | 35.2 |
| APM peak | 84 |
| eAPM avg | 23.6 |
| Villagers / military | 150 / 241 |
Focus
⚔️ 31.9% · 🌾 68.1%
Spearman ×146 · Woad Raider ×51 · Trade Cart ×34 · Mangonel ×28 · Battering Ram ×15 · Militia ×1
Feudal
10:58
Castle
14:55
Imperial
31:23
| APM avg | 24.6 |
| APM peak | 76 |
| eAPM avg | 17.8 |
| Villagers / military | 191 / 169 |
Focus
⚔️ 28.4% · 🌾 71.6%
War Elephant ×169 · Trade Cart ×32
Feudal
12:35
Castle
16:24
Imperial
33:39
| APM avg | 32.6 |
| APM peak | 97 |
| eAPM avg | 16.9 |
| Villagers / military | 160 / 271 |
Focus
⚔️ 33.4% · 🌾 66.6%
Skirmisher ×191 · Bombard Cannon ×75 · Trade Cart ×8 · Mangonel ×3 · Monk ×1 · Trebuchet (Packed) ×1
Feudal
14:12
Castle
18:08
Imperial
31:55
| APM avg | 46.2 |
| APM peak | 110 |
| eAPM avg | 20.3 |
| Villagers / military | 145 / 301 |
Focus
⚔️ 35.2% · 🌾 64.8%
Mameluke ×291 · Trade Cart ×36 · Archer ×5 · Monk ×5
Feudal
10:29
Castle
14:00
Imperial
30:19
| APM avg | 36.2 |
| APM peak | 104 |
| eAPM avg | 24.3 |
| Villagers / military | 179 / 430 |
Focus
⚔️ 34.0% · 🌾 66.0%
Scout Cavalry ×264 · War Elephant ×137 · Trade Cart ×47 · Knight ×26 · Trebuchet (Packed) ×2 · Monk ×1
Feudal
12:40
Castle
18:15
Imperial
34:04
| APM avg | 16.6 |
| APM peak | 78 |
| eAPM avg | 14.0 |
| Villagers / military | 146 / 471 |
Focus
⚔️ 28.8% · 🌾 71.2%
Spearman ×385 · Knight ×84 · Trade Cart ×10 · Monk ×1 · Scout Cavalry ×1
Feudal
12:39
Castle
15:58
Imperial
34:33
| APM avg | 54.4 |
| APM peak | 137 |
| eAPM avg | 29.0 |
| Villagers / military | 207 / 363 |
Focus
⚔️ 29.9% · 🌾 70.1%
Archer ×209 · Longbowman ×146 · Trade Cart ×14 · Trebuchet (Packed) ×8
Match map
Resources at game start + every placement click. Thick line = wall · dashed box = detected house wall. 🟡 gold · ⚪ stone · 🟢 berries · 🔶 boar · ⭕ relic
Inputs per minute
— What's bro yappin about? - - Chaos
Build order — What's bro yappin about?
First 150 of 522 actions detected
| 0:01 | Create | Villager (Male) |
| 0:02 | Create | Villager (Male) |
| 0:02 | Create | Villager (Male) |
| 0:02 | Create | Villager (Male) |
| 0:03 | Build | House |
| 0:04 | Build | House |
| 1:53 | Create | Villager (Male) |
| 1:53 | Create | Villager (Male) |
| 2:03 | Build | Lumber Camp |
| 2:13 | Create | Villager (Male) |
| 2:13 | Create | Villager (Male) |
| 2:33 | Create | Villager (Male) |
| 2:56 | Create | Villager (Male) |
| 2:56 | Create | Villager (Male) |
| 3:32 | Create | Villager (Male) |
| 3:32 | Create | Villager (Male) |
| 3:32 | Create | Villager (Male) |
| 3:48 | Create | Villager (Male) |
| 4:00 | Build | House |
| 4:32 | Create | Villager (Male) |
| 4:33 | Create | Villager (Male) |
| 4:34 | Build | Mill |
| 4:44 | Create | Villager (Male) |
| 4:56 | Create | Villager (Male) |
| 4:56 | Create | Villager (Male) |
| 5:41 | Create | Villager (Male) |
| 5:41 | Create | Villager (Male) |
| 5:52 | Create | Villager (Male) |
| 5:52 | Create | Villager (Male) |
| 6:17 | Build | House |
| 7:36 | Create | Villager (Male) |
| 7:37 | Create | Villager (Male) |
| 7:47 | Build | Lumber Camp |
| 7:59 | Build | Farm |
| 8:00 | Build | Farm |
| 8:04 | Create | Villager (Male) |
| 8:04 | Create | Villager (Male) |
| 8:17 | Build | House |
| 8:56 | Build | Mining Camp |
| 8:58 | Research | Feudal Age |
| 10:52 | Create | Villager (Male) |
| 10:52 | Create | Villager (Male) |
| 11:26 | Age | Feudal Age |
| 11:28 | Build | Market |
| 11:30 | Build | Blacksmith |
| 11:49 | Build | Mill |
| 12:13 | Research | Double-Bit Axe |
| 12:17 | Create | Villager (Male) |
| 12:37 | Research | Castle Age |
| 12:43 | Research | Horse Collar |
| 13:18 | Build | House |
| 13:19 | Build | House |
| 13:49 | Research | Gold Mining |
| 14:22 | Build | House |
| 14:42 | Create | Villager (Male) |
| 14:42 | Create | Villager (Male) |
| 15:22 | Age | Castle Age |
| 15:24 | Build | Town Center |
| 15:26 | Research | Bow Saw |
| 15:28 | Build | Town Center |
| 15:34 | Create | Villager (Male) |
| 16:09 | Build | Town Center |
| 16:19 | Create | Villager (Male) |
| 16:43 | Build | Farm |
| 16:44 | Build | Farm |
| 16:47 | Build | Farm |
| 16:47 | Build | Farm |
| 16:48 | Build | Farm |
| 16:48 | Build | Farm |
| 16:48 | Build | Farm |
| 16:49 | Build | Farm |
| 16:49 | Build | Farm |
| 16:49 | Build | Farm |
| 16:49 | Build | Farm |
| 16:50 | Build | Farm |
| 16:50 | Build | Farm |
| 16:51 | Create | Villager (Male) |
| 16:51 | Create | Villager (Male) |
| 16:52 | Create | Villager (Male) |
| 16:52 | Create | Villager (Male) |
| 16:53 | Create | Villager (Male) |
| 17:17 | Build | Farm |
| 17:19 | Build | Farm |
| 17:23 | Build | Farm |
| 17:28 | Build | Farm |
| 17:33 | Build | Farm |
| 17:37 | Build | Farm |
| 17:40 | Build | Farm |
| 17:44 | Build | Farm |
| 17:44 | Create | Villager (Male) |
| 17:45 | Create | Villager (Male) |
| 17:45 | Create | Villager (Male) |
| 18:05 | Build | Farm |
| 18:05 | Build | Farm |
| 18:05 | Build | Farm |
| 18:05 | Build | Farm |
| 18:06 | Build | Farm |
| 18:07 | Build | Farm |
| 18:07 | Build | Farm |
| 18:07 | Build | Farm |
| 18:07 | Build | Farm |
| 18:08 | Build | Farm |
| 18:08 | Build | Farm |
| 18:08 | Build | Farm |
| 18:08 | Build | Farm |
| 18:08 | Build | Farm |
| 18:09 | Build | Farm |
| 18:09 | Build | Farm |
| 18:09 | Build | Farm |
| 18:09 | Build | Farm |
| 18:10 | Build | Farm |
| 18:10 | Build | Farm |
| 18:10 | Build | Farm |
| 18:10 | Build | Farm |
| 18:11 | Build | Farm |
| 18:11 | Build | Farm |
| 18:11 | Create | Villager (Male) |
| 18:12 | Create | Villager (Male) |
| 18:23 | Create | Villager (Male) |
| 18:24 | Create | Villager (Male) |
| 18:24 | Create | Villager (Male) |
| 18:27 | Create | Villager (Male) |
| 18:27 | Create | Villager (Male) |
| 18:35 | Build | Farm |
| 18:42 | Create | Trade Cart |
| 18:54 | Build | Monastery |
| 18:58 | Create | Villager (Male) |
| 18:58 | Create | Villager (Male) |
| 18:59 | Create | Villager (Male) |
| 19:08 | Build | Farm |
| 19:13 | Create | Villager (Male) |
| 19:14 | Create | Villager (Male) |
| 19:14 | Create | Villager (Male) |
| 19:14 | Create | Villager (Male) |
| 19:17 | Create | Villager (Male) |
| 19:17 | Create | Villager (Male) |
| 19:17 | Create | Villager (Male) |
| 19:24 | Create | Villager (Male) |
| 19:25 | Create | Villager (Male) |
| 19:27 | Build | Farm |
| 19:32 | Create | Villager (Male) |
| 19:32 | Create | Villager (Male) |
| 19:32 | Create | Villager (Male) |
| 19:51 | Build | Farm |
| 19:55 | Build | Farm |
| 19:56 | Create | Villager (Male) |
| 19:56 | Create | Villager (Male) |
| 19:56 | Create | Villager (Male) |
| 19:57 | Create | Villager (Male) |
| 19:59 | Build | Farm |
Build order — Chaos
First 150 of 590 actions detected
| 0:01 | Create | Villager (Male) |
| 0:02 | Create | Villager (Male) |
| 0:03 | Build | House |
| 0:04 | Build | House |
| 0:07 | Create | Villager (Male) |
| 0:07 | Create | Villager (Male) |
| 1:16 | Create | Villager (Male) |
| 2:11 | Create | Villager (Male) |
| 2:11 | Create | Villager (Male) |
| 2:22 | Build | Palisade Wall |
| 2:30 | Create | Villager (Male) |
| 2:30 | Create | Villager (Male) |
| 2:45 | Build | Palisade Wall |
| 2:49 | Create | Villager (Male) |
| 2:49 | Create | Villager (Male) |
| 3:13 | Build | Lumber Camp |
| 3:18 | Create | Villager (Male) |
| 3:18 | Create | Villager (Male) |
| 3:54 | Create | Villager (Male) |
| 3:55 | Create | Villager (Male) |
| 4:22 | Create | Villager (Male) |
| 4:22 | Create | Villager (Male) |
| 4:37 | Create | Villager (Male) |
| 5:14 | Create | Villager (Male) |
| 5:14 | Create | Villager (Male) |
| 5:16 | Create | Villager (Male) |
| 5:16 | Create | Villager (Male) |
| 5:22 | Build | House |
| 5:48 | Create | Villager (Male) |
| 5:48 | Create | Villager (Male) |
| 6:26 | Build | Mill |
| 6:28 | Create | Villager (Male) |
| 6:28 | Create | Villager (Male) |
| 7:04 | Create | Villager (Male) |
| 7:24 | Create | Villager (Male) |
| 7:54 | Research | Loom |
| 7:58 | Build | House |
| 8:04 | Build | House |
| 8:14 | Build | House |
| 8:19 | Build | House |
| 8:27 | Build | House |
| 8:47 | Create | Villager (Male) |
| 8:48 | Create | Villager (Male) |
| 9:13 | Build | House |
| 9:21 | Create | Villager (Male) |
| 9:26 | Build | Mining Camp |
| 9:35 | Research | Feudal Age |
| 9:47 | Build | House |
| 9:57 | Build | House |
| 11:09 | Create | Villager (Male) |
| 11:09 | Create | Villager (Male) |
| 12:12 | Age | Feudal Age |
| 12:20 | Build | Market |
| 12:23 | Build | Blacksmith |
| 13:11 | Research | Castle Age |
| 13:14 | Research | Double-Bit Axe |
| 14:11 | Create | Villager (Male) |
| 14:11 | Create | Villager (Male) |
| 14:31 | Research | Horse Collar |
| 14:35 | Build | Farm |
| 14:36 | Build | Farm |
| 14:41 | Build | Farm |
| 14:45 | Build | Farm |
| 14:47 | Build | Farm |
| 15:13 | Create | Villager (Male) |
| 15:41 | Build | Farm |
| 15:51 | Build | Farm |
| 15:51 | Age | Castle Age |
| 15:54 | Create | Villager (Male) |
| 15:54 | Create | Villager (Male) |
| 16:00 | Build | Town Center |
| 16:23 | Build | Town Center |
| 16:25 | Create | Villager (Male) |
| 16:40 | Build | House |
| 17:24 | Create | Villager (Male) |
| 17:25 | Create | Villager (Male) |
| 17:28 | Create | Villager (Male) |
| 17:28 | Create | Villager (Male) |
| 17:33 | Create | Villager (Male) |
| 17:35 | Create | Villager (Male) |
| 17:37 | Build | Farm |
| 17:39 | Build | Farm |
| 17:41 | Build | Farm |
| 17:48 | Build | Farm |
| 17:53 | Build | Farm |
| 17:57 | Create | Villager (Male) |
| 18:00 | Build | House |
| 18:09 | Build | Farm |
| 18:23 | Create | Villager (Male) |
| 18:23 | Create | Villager (Male) |
| 18:31 | Build | Farm |
| 18:33 | Create | Villager (Male) |
| 18:58 | Build | Farm |
| 19:01 | Build | Farm |
| 19:03 | Create | Villager (Male) |
| 19:04 | Create | Villager (Male) |
| 19:07 | Build | Farm |
| 19:10 | Build | Farm |
| 19:13 | Build | Farm |
| 19:14 | Create | Villager (Male) |
| 19:20 | Create | Villager (Male) |
| 19:22 | Create | Villager (Male) |
| 19:24 | Create | Villager (Male) |
| 19:26 | Build | House |
| 19:31 | Build | House |
| 19:33 | Build | House |
| 19:41 | Create | Villager (Male) |
| 19:44 | Build | Lumber Camp |
| 19:47 | Create | Villager (Male) |
| 19:55 | Build | Farm |
| 19:57 | Build | Farm |
| 19:59 | Create | Villager (Male) |
| 19:59 | Create | Villager (Male) |
| 20:02 | Create | Villager (Male) |
| 20:02 | Create | Villager (Male) |
| 20:15 | Create | Villager (Male) |
| 20:22 | Create | Villager (Male) |
| 20:26 | Build | Farm |
| 20:27 | Build | Farm |
| 20:28 | Build | Farm |
| 20:34 | Create | Villager (Male) |
| 20:37 | Build | Farm |
| 20:44 | Research | Bow Saw |
| 20:45 | Create | Villager (Male) |
| 20:46 | Create | Villager (Male) |
| 20:55 | Build | House |
| 20:59 | Build | House |
| 21:02 | Create | Villager (Male) |
| 21:02 | Create | Villager (Male) |
| 21:02 | Create | Villager (Male) |
| 21:04 | Create | Villager (Male) |
| 21:09 | Build | Farm |
| 21:14 | Create | Villager (Male) |
| 21:21 | Build | House |
| 21:22 | Build | House |
| 21:23 | Build | House |
| 21:23 | Build | House |
| 21:25 | Create | Villager (Male) |
| 21:28 | Create | Villager (Male) |
| 21:32 | Create | Villager (Male) |
| 21:34 | Build | Farm |
| 21:42 | Create | Villager (Male) |
| 21:54 | Research | Stone Mining |
| 21:58 | Create | Villager (Male) |
| 22:04 | Research | Heavy Plow |
| 22:06 | Create | Villager (Male) |
| 22:06 | Create | Villager (Male) |
| 22:12 | Create | Villager (Male) |
| 22:18 | Create | Villager (Male) |
| 22:22 | Create | Villager (Male) |
Build order — 2rich4u81
First 150 of 514 actions detected
| 0:01 | Create | Villager (Male) ×5 |
| 0:03 | Build | House |
| 0:05 | Build | House |
| 1:28 | Create | Villager (Male) |
| 2:08 | Create | Villager (Male) |
| 2:11 | Build | Lumber Camp |
| 2:28 | Create | Villager (Male) |
| 2:29 | Create | Villager (Male) |
| 2:57 | Create | Villager (Male) |
| 3:07 | Create | Villager (Male) |
| 3:24 | Build | Mill |
| 3:50 | Create | Villager (Male) |
| 4:01 | Create | Villager (Male) |
| 4:27 | Research | Loom |
| 4:30 | Build | House |
| 4:36 | Create | Villager (Male) |
| 5:13 | Create | Villager (Male) |
| 5:16 | Create | Villager (Male) |
| 5:33 | Build | House |
| 5:45 | Create | Villager (Male) |
| 5:46 | Create | Villager (Male) |
| 5:52 | Create | Villager (Male) |
| 6:18 | Create | Villager (Male) |
| 6:21 | Create | Villager (Male) |
| 6:21 | Create | Villager (Male) |
| 6:26 | Create | Villager (Male) |
| 6:54 | Build | House |
| 7:03 | Create | Villager (Male) |
| 7:46 | Create | Villager (Male) |
| 7:49 | Build | Mining Camp |
| 7:57 | Create | Villager (Male) |
| 8:17 | Create | Villager (Male) |
| 8:30 | Create | Villager (Male) |
| 8:40 | Research | Feudal Age |
| 9:44 | Create | Villager (Male) |
| 10:58 | Age | Feudal Age |
| 11:17 | Build | Market |
| 11:19 | Create | Villager (Male) |
| 11:23 | Build | Blacksmith |
| 11:25 | Create | Villager (Male) |
| 11:32 | Create | Villager (Male) |
| 11:48 | Create | Villager (Male) |
| 12:12 | Research | Castle Age |
| 13:20 | Create | Villager (Male) |
| 13:53 | Build | House |
| 14:22 | Research | Double-Bit Axe |
| 14:23 | Research | Horse Collar |
| 14:55 | Age | Castle Age |
| 14:58 | Create | Villager (Male) |
| 15:01 | Build | Town Center |
| 15:07 | Build | Town Center |
| 15:12 | Research | Bow Saw |
| 15:17 | Research | Heavy Plow |
| 15:32 | Create | Villager (Male) |
| 15:39 | Build | Farm |
| 15:41 | Build | Farm |
| 15:43 | Build | Farm |
| 15:44 | Create | Villager (Male) |
| 15:49 | Build | Farm |
| 16:01 | Create | Villager (Male) |
| 16:06 | Build | House |
| 16:07 | Create | Villager (Male) |
| 16:12 | Build | Farm |
| 16:19 | Build | Farm |
| 16:20 | Create | Villager (Male) |
| 16:30 | Build | Farm |
| 16:31 | Create | Villager (Male) |
| 16:34 | Build | Farm |
| 16:37 | Create | Villager (Male) |
| 16:44 | Build | Farm |
| 16:47 | Build | Farm |
| 16:54 | Build | House |
| 16:59 | Create | Villager (Male) |
| 17:03 | Build | Farm |
| 17:16 | Create | Villager (Male) |
| 17:19 | Build | Farm |
| 17:20 | Create | Villager (Male) |
| 17:25 | Build | Farm |
| 17:30 | Build | Farm |
| 17:34 | Create | Villager (Male) |
| 17:37 | Build | Farm |
| 17:41 | Build | Farm |
| 17:42 | Create | Villager (Male) |
| 17:45 | Build | House |
| 17:55 | Build | Farm |
| 18:04 | Build | Farm |
| 18:05 | Create | Villager (Male) |
| 18:08 | Create | Villager (Male) |
| 18:12 | Build | Farm |
| 18:17 | Build | House |
| 18:18 | Create | Villager (Male) |
| 18:28 | Build | Farm |
| 18:32 | Build | Farm |
| 18:37 | Build | Farm |
| 18:38 | Create | Villager (Male) |
| 18:40 | Create | Villager (Male) |
| 18:47 | Build | Farm |
| 18:48 | Create | Villager (Male) |
| 18:53 | Build | Farm |
| 18:57 | Build | House |
| 18:58 | Create | Villager (Male) |
| 19:12 | Build | Farm |
| 19:13 | Create | Villager (Male) ×2 |
| 19:16 | Create | Villager (Male) |
| 19:20 | Build | Farm |
| 19:28 | Create | Villager (Male) |
| 19:32 | Build | House |
| 19:34 | Build | House |
| 19:35 | Create | Villager (Male) |
| 19:42 | Create | Villager (Male) |
| 19:59 | Research | Wheelbarrow |
| 20:09 | Build | Farm |
| 20:10 | Create | Villager (Male) |
| 20:13 | Create | Villager (Male) |
| 20:18 | Create | Villager (Male) |
| 20:38 | Build | Town Center |
| 20:39 | Create | Villager (Male) ×3 |
| 20:47 | Build | House |
| 20:48 | Build | House |
| 20:49 | Create | Villager (Male) ×2 |
| 20:54 | Build | Farm |
| 20:57 | Build | Farm |
| 20:57 | Create | Villager (Male) ×2 |
| 21:04 | Build | Lumber Camp |
| 21:05 | Create | Villager (Male) ×2 |
| 21:25 | Build | House |
| 21:26 | Build | House |
| 21:33 | Build | Farm |
| 21:34 | Build | Farm |
| 21:35 | Create | Villager (Male) ×5 |
| 21:43 | Create | Villager (Male) ×2 |
| 21:57 | Build | Mining Camp |
| 21:58 | Create | Villager (Male) ×2 |
| 22:14 | Create | Villager (Male) ×4 |
| 22:22 | Build | House |
| 22:24 | Build | House |
| 22:26 | Create | Villager (Male) ×3 |
| 22:37 | Build | Mining Camp |
| 22:38 | Create | Villager (Male) ×2 |
| 22:48 | Build | Farm |
| 22:49 | Build | Farm |
| 22:51 | Build | Farm |
| 22:52 | Build | Farm |
| 22:53 | Create | Villager (Male) ×5 |
| 23:04 | Create | Villager (Male) ×2 |
| 23:09 | Build | Farm |
| 23:12 | Build | Farm |
| 23:16 | Create | Villager (Male) ×3 |
| 23:24 | Create | Villager (Male) |
| 23:29 | Build | Farm |
Build order — Lippfischi
First 150 of 448 actions detected
| 0:00 | Create | Villager (Male) |
| 0:01 | Create | Villager (Male) |
| 0:01 | Create | Villager (Male) |
| 0:01 | Create | Villager (Male) |
| 0:02 | Build | House |
| 0:04 | Build | House |
| 0:18 | Research | Loom |
| 1:43 | Create | Villager (Male) |
| 1:43 | Create | Villager (Male) |
| 1:43 | Create | Villager (Male) |
| 2:55 | Create | Villager (Male) |
| 3:13 | Create | Villager (Male) |
| 3:13 | Create | Villager (Male) |
| 3:44 | Create | Villager (Male) |
| 3:56 | Build | Lumber Camp |
| 4:03 | Create | Villager (Male) |
| 4:41 | Build | House |
| 4:44 | Create | Villager (Male) |
| 4:45 | Create | Villager (Male) |
| 4:59 | Create | Villager (Male) |
| 5:10 | Build | House |
| 5:34 | Create | Villager (Male) |
| 6:03 | Create | Villager (Male) |
| 6:03 | Create | Villager (Male) |
| 6:45 | Build | Mill |
| 6:58 | Create | Villager (Male) |
| 6:58 | Create | Villager (Male) |
| 7:01 | Create | Villager (Male) |
| 7:01 | Create | Villager (Male) |
| 7:02 | Create | Villager (Male) |
| 7:54 | Create | Villager (Male) |
| 7:54 | Create | Villager (Male) |
| 8:29 | Build | Mill |
| 9:00 | Create | Villager (Male) |
| 9:01 | Create | Villager (Male) |
| 9:03 | Create | Villager (Male) |
| 9:35 | Build | Mining Camp |
| 10:22 | Create | Villager (Male) |
| 10:25 | Research | Feudal Age |
| 10:31 | Build | House |
| 10:40 | Build | Building 804 |
| 10:49 | Create | Villager (Male) |
| 10:49 | Create | Villager (Male) |
| 12:35 | Age | Feudal Age |
| 12:36 | Build | Market |
| 12:38 | Build | Blacksmith |
| 13:00 | Build | Stone Wall |
| 13:44 | Research | Castle Age |
| 14:39 | Build | Building 673 |
| 15:18 | Build | Farm |
| 15:20 | Build | Farm |
| 15:22 | Build | Farm |
| 15:26 | Build | Farm |
| 15:29 | Build | Farm |
| 15:49 | Build | Farm |
| 15:52 | Create | Villager (Male) |
| 16:05 | Build | Farm |
| 16:24 | Age | Castle Age |
| 16:26 | Build | Town Center |
| 16:29 | Create | Villager (Male) |
| 16:35 | Build | Farm |
| 16:54 | Create | Villager (Male) |
| 17:01 | Build | Lumber Camp |
| 17:02 | Create | Villager (Male) |
| 17:14 | Create | Villager (Male) |
| 17:20 | Create | Villager (Male) |
| 17:31 | Create | Villager (Male) |
| 17:46 | Create | Villager (Male) |
| 17:52 | Build | Farm |
| 18:01 | Create | Villager (Male) |
| 18:28 | Build | Siege Workshop |
| 18:32 | Create | Villager (Male) |
| 18:36 | Create | Villager (Male) |
| 18:42 | Build | House |
| 18:59 | Create | Villager (Male) |
| 19:00 | Create | Villager (Male) |
| 19:14 | Build | House |
| 19:24 | Build | House |
| 19:27 | Create | Villager (Male) |
| 19:42 | Create | Villager (Male) |
| 19:42 | Create | Villager (Male) |
| 20:01 | Create | Villager (Male) |
| 20:02 | Create | Villager (Male) |
| 20:12 | Create | Mangonel |
| 20:14 | Create | Villager (Male) |
| 20:14 | Create | Villager (Male) |
| 20:22 | Research | Wheelbarrow |
| 20:23 | Create | Villager (Male) |
| 20:48 | Build | Town Center |
| 20:50 | Create | Villager (Male) |
| 20:51 | Create | Villager (Male) |
| 21:47 | Create | Villager (Male) |
| 21:48 | Create | Villager (Male) |
| 21:48 | Create | Villager (Male) |
| 21:55 | Create | Villager (Male) |
| 21:56 | Create | Villager (Male) |
| 22:06 | Research | Double-Bit Axe |
| 22:08 | Research | Horse Collar |
| 22:21 | Build | Farm |
| 22:22 | Build | Farm |
| 22:22 | Build | Farm |
| 22:22 | Build | Farm |
| 22:23 | Build | Farm |
| 22:32 | Create | Villager (Male) |
| 22:41 | Create | Villager (Male) |
| 22:50 | Create | Villager (Male) |
| 22:54 | Build | Farm |
| 22:56 | Build | Farm |
| 22:59 | Build | Farm |
| 23:01 | Create | Villager (Male) |
| 23:01 | Create | Villager (Male) |
| 23:20 | Build | Castle |
| 23:31 | Build | Farm |
| 23:31 | Build | Farm |
| 23:42 | Build | Lumber Camp |
| 23:43 | Create | Villager (Male) |
| 23:43 | Create | Villager (Male) |
| 23:43 | Create | Villager (Male) |
| 23:51 | Build | House |
| 24:08 | Create | Villager (Male) |
| 24:08 | Create | Villager (Male) |
| 24:09 | Create | Villager (Male) |
| 24:18 | Create | Villager (Male) |
| 24:18 | Create | Villager (Male) |
| 24:19 | Create | Villager (Male) |
| 24:30 | Create | Villager (Male) |
| 24:30 | Create | Villager (Male) |
| 24:30 | Create | Villager (Male) |
| 24:47 | Build | Farm |
| 24:47 | Build | Farm |
| 24:47 | Build | Farm |
| 24:50 | Build | Farm |
| 24:51 | Create | Villager (Male) |
| 24:51 | Create | Villager (Male) |
| 24:51 | Create | Villager (Male) |
| 24:53 | Create | Villager (Male) |
| 25:05 | Build | Farm |
| 25:13 | Research | Bow Saw |
| 25:21 | Create | Villager (Male) |
| 25:21 | Create | Villager (Male) |
| 25:21 | Create | Villager (Male) |
| 25:27 | Create | Villager (Male) |
| 25:35 | Create | Villager (Male) |
| 25:45 | Create | Villager (Male) |
| 25:45 | Create | Villager (Male) |
| 25:57 | Build | Town Center |
| 25:59 | Create | Villager (Male) |
| 25:59 | Create | Villager (Male) |
| 25:59 | Create | Villager (Male) |
| 26:12 | Build | Farm |
Build order — Mihail
First 150 of 521 actions detected
| 0:01 | Create | Villager (Male) |
| 0:01 | Create | Villager (Male) |
| 0:02 | Create | Villager (Male) |
| 0:02 | Create | Villager (Male) |
| 0:03 | Build | House |
| 0:05 | Build | House |
| 0:46 | Research | Loom |
| 0:48 | Create | Villager (Male) |
| 1:26 | Create | Villager (Male) |
| 1:26 | Create | Villager (Male) |
| 2:16 | Create | Villager (Male) |
| 2:17 | Create | Villager (Male) |
| 2:31 | Build | House |
| 2:34 | Build | Palisade Wall |
| 2:51 | Create | Villager (Male) |
| 2:52 | Create | Villager (Male) |
| 3:31 | Create | Villager (Male) |
| 3:32 | Create | Villager (Male) |
| 4:07 | Build | Palisade Wall |
| 4:11 | Build | House |
| 4:28 | Create | Villager (Male) |
| 4:29 | Create | Villager (Male) |
| 4:34 | Build | House |
| 4:50 | Build | House |
| 5:00 | Build | House |
| 5:11 | Create | Villager (Male) |
| 5:11 | Create | Villager (Male) |
| 5:43 | Create | Villager (Male) |
| 5:44 | Create | Villager (Male) |
| 5:44 | Create | Villager (Male) |
| 6:03 | Build | Palisade Wall |
| 6:04 | Build | Palisade Wall |
| 6:05 | Build | Palisade Wall |
| 6:06 | Build | Palisade Wall |
| 6:12 | Create | Villager (Male) |
| 6:12 | Create | Villager (Male) |
| 6:35 | Create | Villager (Male) |
| 6:35 | Create | Villager (Male) |
| 6:45 | Build | House |
| 7:00 | Build | House |
| 7:11 | Build | Lumber Camp |
| 7:15 | Create | Villager (Male) |
| 7:16 | Create | Villager (Male) |
| 7:16 | Create | Villager (Male) |
| 7:45 | Build | Palisade Wall |
| 7:47 | Build | Palisade Wall |
| 7:48 | Build | Palisade Wall |
| 7:52 | Create | Villager (Male) |
| 8:02 | Create | Villager (Male) |
| 8:02 | Create | Villager (Male) |
| 8:12 | Build | Palisade Wall |
| 8:13 | Build | Palisade Wall |
| 8:22 | Create | Villager (Male) |
| 8:22 | Create | Villager (Male) |
| 8:48 | Create | Villager (Male) |
| 8:48 | Create | Villager (Male) |
| 9:04 | Build | House |
| 9:39 | Create | Villager (Male) |
| 9:42 | Build | Mill |
| 9:53 | Create | Villager (Male) |
| 10:13 | Build | Palisade Wall |
| 10:18 | Create | Villager (Male) |
| 10:27 | Build | Palisade Wall |
| 10:36 | Create | Villager (Male) |
| 10:44 | Build | House |
| 11:19 | Build | Mining Camp |
| 11:41 | Build | House |
| 11:48 | Build | House |
| 12:02 | Research | Feudal Age |
| 12:41 | Build | Barracks |
| 13:56 | Create | Villager (Male) |
| 13:56 | Create | Villager (Male) |
| 14:12 | Age | Feudal Age |
| 14:20 | Build | Blacksmith |
| 14:25 | Build | Market |
| 14:43 | Build | Mining Camp |
| 15:03 | Create | Villager (Male) |
| 15:28 | Research | Castle Age |
| 15:39 | Research | Double-Bit Axe |
| 15:54 | Build | Archery Range |
| 16:13 | Build | House |
| 16:14 | Build | House |
| 16:15 | Build | House |
| 16:16 | Build | House |
| 17:09 | Create | Archer |
| 17:24 | Build | Stone Wall |
| 17:32 | Research | Horse Collar |
| 17:54 | Create | Villager (Male) |
| 18:08 | Age | Castle Age |
| 18:10 | Build | Town Center |
| 18:17 | Create | Villager (Male) |
| 18:22 | Research | Bow Saw |
| 18:40 | Create | Villager (Male) |
| 19:07 | Create | Villager (Male) |
| 19:22 | Create | Villager (Male) |
| 19:41 | Create | Villager (Male) |
| 19:50 | Build | Town Center |
| 19:53 | Create | Villager (Male) |
| 19:53 | Create | Villager (Male) |
| 20:03 | Create | Villager (Male) |
| 20:32 | Create | Villager (Male) |
| 20:41 | Research | Heavy Plow |
| 20:50 | Create | Villager (Male) |
| 20:51 | Create | Villager (Male) |
| 20:53 | Build | Farm |
| 20:59 | Build | Farm |
| 21:01 | Build | Farm |
| 21:05 | Build | Farm |
| 21:07 | Build | Farm |
| 21:22 | Build | Farm |
| 21:25 | Build | Farm |
| 21:26 | Create | Villager (Male) |
| 21:26 | Create | Villager (Male) |
| 21:30 | Build | Farm |
| 21:34 | Build | Farm |
| 21:48 | Build | Castle |
| 21:56 | Build | Farm |
| 21:57 | Create | Villager (Male) |
| 21:57 | Create | Villager (Male) |
| 22:08 | Build | Farm |
| 22:10 | Build | Farm |
| 22:14 | Build | Farm |
| 22:17 | Build | Farm |
| 22:18 | Create | Villager (Male) |
| 22:21 | Build | Farm |
| 22:23 | Build | Farm |
| 22:27 | Build | Farm |
| 22:28 | Create | Villager (Male) |
| 22:30 | Build | Farm |
| 22:31 | Create | Villager (Male) |
| 22:31 | Create | Villager (Male) |
| 22:38 | Create | Villager (Male) |
| 22:50 | Create | Villager (Male) |
| 22:50 | Create | Villager (Male) |
| 22:55 | Create | Villager (Male) |
| 23:08 | Create | Villager (Male) |
| 23:11 | Build | Farm |
| 23:15 | Create | Villager (Male) |
| 23:19 | Build | Farm |
| 23:23 | Build | Farm |
| 23:25 | Build | Farm |
| 23:26 | Create | Villager (Male) |
| 23:26 | Create | Villager (Male) |
| 23:27 | Create | Villager (Male) |
| 23:41 | Build | Farm |
| 23:42 | Create | Villager (Male) |
| 23:42 | Create | Villager (Male) |
| 23:51 | Research | Wheelbarrow |
| 23:57 | Build | Farm |
| 23:59 | Build | Farm |
Build order — Nasenbär
First 150 of 726 actions detected
| 0:01 | Create | Villager (Male) |
| 0:01 | Create | Villager (Male) |
| 0:02 | Create | Villager (Male) |
| 0:02 | Create | Villager (Male) |
| 0:03 | Build | House |
| 0:05 | Build | House |
| 0:32 | Create | Villager (Male) |
| 0:33 | Create | Villager (Male) |
| 1:29 | Create | Villager (Male) |
| 1:46 | Build | Lumber Camp |
| 2:06 | Create | Villager (Male) |
| 2:25 | Create | Villager (Male) |
| 2:57 | Create | Villager (Male) |
| 2:58 | Create | Villager (Male) |
| 3:36 | Create | Villager (Male) |
| 3:41 | Create | Villager (Male) |
| 3:56 | Build | House |
| 4:07 | Build | Mill |
| 4:11 | Create | Villager (Male) |
| 4:30 | Build | House |
| 4:32 | Create | Villager (Male) |
| 4:46 | Create | Villager (Male) |
| 5:33 | Create | Villager (Male) |
| 5:45 | Create | Villager (Male) |
| 5:45 | Create | Villager (Male) |
| 5:45 | Create | Villager (Male) |
| 6:12 | Create | Villager (Male) |
| 7:02 | Create | Villager (Male) |
| 7:32 | Build | Mill |
| 7:42 | Build | Mining Camp |
| 7:52 | Create | Villager (Male) |
| 8:26 | Research | Feudal Age |
| 8:50 | Create | Villager (Male) |
| 8:50 | Create | Villager (Male) |
| 9:21 | Build | House |
| 10:29 | Age | Feudal Age |
| 10:32 | Build | Market |
| 10:35 | Build | Blacksmith |
| 11:34 | Research | Castle Age |
| 11:56 | Build | House |
| 12:10 | Research | Double-Bit Axe |
| 12:23 | Build | House |
| 13:37 | Research | Horse Collar |
| 14:00 | Age | Castle Age |
| 14:03 | Build | Town Center |
| 14:16 | Build | Town Center |
| 14:23 | Create | Villager (Male) |
| 14:31 | Create | Villager (Male) |
| 15:05 | Create | Villager (Male) |
| 15:10 | Build | Farm |
| 15:13 | Build | Farm |
| 15:19 | Create | Villager (Male) |
| 15:21 | Create | Villager (Male) |
| 15:26 | Research | Bow Saw |
| 15:34 | Build | Farm |
| 15:36 | Create | Villager (Male) |
| 15:48 | Create | Villager (Male) |
| 15:50 | Build | Farm |
| 15:53 | Create | Villager (Male) |
| 15:54 | Create | Villager (Male) |
| 15:59 | Build | Farm |
| 16:01 | Build | Farm |
| 16:03 | Create | Villager (Male) |
| 16:04 | Create | Villager (Male) |
| 16:12 | Build | Farm |
| 16:14 | Build | Farm |
| 16:17 | Build | Farm |
| 16:28 | Research | Loom |
| 16:33 | Build | Farm |
| 16:36 | Build | Farm |
| 16:39 | Build | Farm |
| 16:40 | Create | Villager (Male) |
| 16:41 | Create | Villager (Male) |
| 16:44 | Build | Farm |
| 16:52 | Build | Farm |
| 16:55 | Build | Farm |
| 16:56 | Create | Villager (Male) |
| 16:56 | Create | Villager (Male) |
| 17:03 | Build | Farm |
| 17:11 | Build | Farm |
| 17:13 | Build | Farm |
| 17:14 | Create | Villager (Male) |
| 17:24 | Build | Farm |
| 17:27 | Build | Farm |
| 17:28 | Create | Villager (Male) |
| 17:29 | Create | Villager (Male) |
| 17:29 | Create | Villager (Male) |
| 17:38 | Build | Farm |
| 17:43 | Build | Farm |
| 17:44 | Create | Villager (Male) |
| 17:45 | Create | Villager (Male) |
| 17:53 | Build | House |
| 17:54 | Build | House |
| 17:55 | Build | House |
| 17:57 | Create | Villager (Male) |
| 17:57 | Create | Villager (Male) |
| 17:58 | Create | Villager (Male) |
| 18:02 | Build | Farm |
| 18:06 | Build | Farm |
| 18:09 | Build | Farm |
| 18:10 | Create | Villager (Male) |
| 18:16 | Create | Villager (Male) |
| 18:16 | Create | Villager (Male) |
| 18:21 | Build | Farm |
| 18:24 | Build | Farm |
| 18:24 | Create | Villager (Male) |
| 18:32 | Create | Villager (Male) |
| 18:34 | Create | Villager (Male) |
| 18:35 | Create | Villager (Male) |
| 18:39 | Build | Farm |
| 18:43 | Build | Farm |
| 18:46 | Create | Villager (Male) |
| 18:46 | Create | Villager (Male) |
| 18:48 | Create | Villager (Male) |
| 18:48 | Create | Villager (Male) |
| 18:54 | Create | Villager (Male) |
| 18:54 | Create | Villager (Male) |
| 18:57 | Build | Farm |
| 19:00 | Build | Farm |
| 19:02 | Create | Villager (Male) |
| 19:02 | Create | Villager (Male) |
| 19:07 | Build | Farm |
| 19:08 | Create | Villager (Male) |
| 19:08 | Create | Villager (Male) |
| 19:15 | Build | House |
| 19:15 | Build | House |
| 19:15 | Build | House |
| 19:15 | Build | House |
| 19:17 | Create | Villager (Male) |
| 19:17 | Create | Villager (Male) |
| 19:17 | Create | Villager (Male) |
| 19:29 | Create | Villager (Male) |
| 19:40 | Create | Villager (Male) |
| 19:40 | Create | Villager (Male) |
| 19:40 | Create | Villager (Male) |
| 19:47 | Create | Villager (Male) |
| 19:48 | Create | Villager (Male) |
| 19:59 | Create | Villager (Male) |
| 19:59 | Create | Villager (Male) |
| 20:10 | Create | Villager (Male) |
| 20:17 | Build | Farm |
| 20:19 | Build | Farm |
| 20:23 | Research | Heavy Plow |
| 20:27 | Build | House |
| 20:27 | Build | House |
| 20:40 | Build | Town Center |
| 20:47 | Build | Farm |
| 20:48 | Create | Villager (Male) |
| 20:48 | Create | Villager (Male) |
| 20:48 | Create | Villager (Male) |
Build order — TheSnoxy
First 150 of 426 actions detected
| 0:01 | Create | Villager (Male) |
| 0:01 | Create | Villager (Male) |
| 0:02 | Create | Villager (Male) |
| 0:02 | Create | Villager (Male) |
| 0:04 | Build | House |
| 0:05 | Build | House |
| 1:27 | Create | Villager (Male) |
| 2:07 | Create | Villager (Male) |
| 2:14 | Build | Lumber Camp |
| 2:28 | Create | Villager (Male) |
| 2:59 | Create | Villager (Male) |
| 3:52 | Create | Villager (Male) |
| 4:40 | Create | Villager (Male) |
| 5:03 | Create | Villager (Male) |
| 5:12 | Build | House |
| 5:16 | Research | Loom |
| 5:43 | Create | Villager (Male) |
| 5:55 | Create | Villager (Male) |
| 6:08 | Create | Villager (Male) |
| 6:29 | Create | Villager (Male) |
| 6:42 | Create | Villager (Male) |
| 7:07 | Build | House |
| 7:10 | Create | Villager (Male) |
| 7:17 | Create | Villager (Male) |
| 7:49 | Build | Mill |
| 7:57 | Create | Villager (Male) |
| 8:16 | Create | Villager (Male) |
| 8:23 | Create | Villager (Male) |
| 8:32 | Build | House |
| 8:38 | Create | Villager (Male) |
| 8:45 | Create | Villager (Male) |
| 10:02 | Create | Villager (Male) |
| 10:10 | Research | Feudal Age |
| 10:32 | Create | Villager (Male) |
| 10:39 | Build | House |
| 10:58 | Create | Villager (Male) |
| 11:33 | Build | Mill |
| 11:39 | Create | Villager (Male) |
| 11:47 | Create | Villager (Male) |
| 12:00 | Build | Mining Camp |
| 12:32 | Create | Villager (Male) |
| 12:40 | Age | Feudal Age |
| 12:48 | Build | Blacksmith |
| 12:53 | Build | Market |
| 12:55 | Create | Villager (Male) |
| 13:14 | Create | Villager (Male) |
| 13:36 | Create | Villager (Male) |
| 13:49 | Build | House |
| 13:57 | Create | Villager (Male) |
| 14:48 | Create | Villager (Male) |
| 14:59 | Build | House |
| 15:17 | Create | Villager (Male) |
| 15:20 | Research | Castle Age |
| 15:20 | Create | Villager (Male) |
| 15:22 | Create | Villager (Male) |
| 15:43 | Build | Barracks |
| 15:51 | Research | Scale Barding Armor |
| 16:05 | Build | Farm |
| 16:07 | Build | Farm |
| 16:10 | Build | Farm |
| 16:12 | Build | Farm |
| 16:16 | Build | Farm |
| 16:18 | Build | Farm |
| 16:21 | Build | Farm |
| 16:26 | Build | Farm |
| 16:28 | Create | Villager (Male) |
| 16:35 | Build | Farm |
| 16:36 | Build | Farm |
| 16:36 | Build | Farm |
| 16:37 | Build | Farm |
| 16:46 | Build | Stable |
| 16:50 | Research | Double-Bit Axe |
| 16:55 | Research | Horse Collar |
| 17:02 | Build | Farm |
| 17:06 | Create | Villager (Male) |
| 17:26 | Create | Villager (Male) |
| 17:27 | Create | Villager (Male) |
| 17:59 | Build | Farm |
| 18:05 | Build | Farm |
| 18:07 | Build | Farm |
| 18:09 | Create | Villager (Male) |
| 18:15 | Age | Castle Age |
| 18:33 | Build | Farm |
| 18:48 | Create | Villager (Male) |
| 19:09 | Build | Lumber Camp |
| 19:27 | Research | Bow Saw |
| 19:43 | Create | Villager (Male) |
| 19:49 | Build | House |
| 20:14 | Research | Heavy Plow |
| 20:49 | Build | Town Center |
| 21:19 | Create | Villager (Male) |
| 21:19 | Create | Villager (Male) |
| 21:25 | Research | Bloodlines |
| 21:30 | Research | Chain Barding Armor |
| 21:30 | Research | Forging |
| 21:43 | Build | Town Center |
| 21:51 | Create | Villager (Male) |
| 22:16 | Create | Villager (Male) |
| 22:17 | Create | Villager (Male) |
| 22:18 | Create | Villager (Male) |
| 22:29 | Create | Villager (Male) |
| 22:30 | Create | Villager (Male) |
| 22:31 | Create | Villager (Male) |
| 22:44 | Build | Stable |
| 22:53 | Create | Villager (Male) |
| 22:54 | Create | Villager (Male) |
| 22:55 | Create | Villager (Male) |
| 23:07 | Create | Villager (Male) |
| 23:16 | Build | Monastery |
| 23:29 | Build | University |
| 23:30 | Create | Villager (Male) |
| 23:39 | Create | Villager (Male) |
| 23:39 | Create | Villager (Male) |
| 23:40 | Create | Villager (Male) |
| 23:40 | Create | Villager (Male) |
| 23:55 | Build | House |
| 23:55 | Build | House |
| 23:55 | Build | House |
| 23:55 | Build | House |
| 23:56 | Build | House |
| 23:56 | Build | House |
| 23:56 | Build | House |
| 23:57 | Build | House |
| 23:57 | Build | House |
| 23:57 | Build | House |
| 24:00 | Create | Villager (Male) |
| 24:11 | Create | Villager (Male) |
| 24:11 | Create | Villager (Male) |
| 24:12 | Create | Villager (Male) |
| 24:15 | Create | Monk |
| 24:23 | Create | Knight ×5 |
| 24:28 | Research | Iron Casting |
| 24:44 | Build | Stable |
| 24:56 | Build | Stable |
| 24:58 | Create | Villager (Male) |
| 24:59 | Create | Villager (Male) |
| 25:00 | Create | Villager (Male) |
| 25:01 | Create | Villager (Male) |
| 25:02 | Create | Villager (Male) |
| 25:02 | Create | Villager (Male) |
| 25:27 | Create | Villager (Male) |
| 25:28 | Create | Villager (Male) |
| 25:29 | Create | Villager (Male) |
| 26:05 | Build | Lumber Camp |
| 26:17 | Build | Mining Camp |
| 26:19 | Create | Villager (Male) |
| 26:20 | Create | Villager (Male) |
| 26:21 | Create | Villager (Male) |
| 26:21 | Create | Villager (Male) |
| 26:38 | Create | Villager (Male) |
Build order — Almighty_Ares
First 150 of 510 actions detected
| 0:00 | Create | Villager (Male) |
| 0:01 | Create | Villager (Male) |
| 0:01 | Create | Villager (Male) |
| 0:02 | Build | House |
| 0:07 | Research | Loom |
| 0:07 | Create | Villager (Male) |
| 0:26 | Create | Villager (Male) |
| 0:26 | Create | Villager (Male) |
| 0:26 | Create | Villager (Male) |
| 0:41 | Build | Palisade Wall |
| 2:14 | Build | House |
| 2:42 | Build | Palisade Wall |
| 2:54 | Create | Villager (Male) |
| 2:54 | Create | Villager (Male) |
| 3:05 | Build | Lumber Camp |
| 3:35 | Create | Villager (Male) |
| 3:36 | Create | Villager (Male) |
| 4:02 | Create | Villager (Male) |
| 4:34 | Create | Villager (Male) |
| 4:34 | Create | Villager (Male) |
| 4:47 | Build | House |
| 5:00 | Create | Villager (Male) |
| 5:00 | Create | Villager (Male) |
| 5:21 | Create | Villager (Male) |
| 5:21 | Create | Villager (Male) |
| 5:51 | Create | Villager (Male) |
| 5:51 | Create | Villager (Male) |
| 6:08 | Build | House |
| 6:19 | Create | Villager (Male) |
| 6:20 | Create | Villager (Male) |
| 6:20 | Create | Villager (Male) |
| 6:47 | Build | Mill |
| 7:01 | Create | Villager (Male) |
| 7:01 | Create | Villager (Male) |
| 7:23 | Create | Villager (Male) |
| 7:36 | Create | Villager (Male) |
| 7:37 | Create | Villager (Male) |
| 7:37 | Create | Villager (Male) |
| 7:37 | Create | Villager (Male) |
| 8:15 | Build | House |
| 8:30 | Build | Mining Camp |
| 8:57 | Create | Villager (Male) |
| 9:38 | Create | Villager (Male) |
| 9:49 | Create | Villager (Male) |
| 10:11 | Create | Villager (Male) |
| 10:14 | Research | Feudal Age |
| 11:21 | Create | Villager (Male) |
| 11:22 | Create | Villager (Male) |
| 11:46 | Build | Palisade Wall |
| 12:39 | Age | Feudal Age |
| 12:42 | Build | Market |
| 12:51 | Build | Blacksmith |
| 13:18 | Research | Castle Age |
| 13:26 | Research | Double-Bit Axe |
| 13:42 | Create | Villager (Male) |
| 13:42 | Create | Villager (Male) |
| 14:06 | Build | Stone Wall |
| 14:14 | Build | House |
| 14:37 | Build | Farm |
| 14:42 | Build | Farm |
| 14:47 | Build | Lumber Camp |
| 15:02 | Build | Farm |
| 15:32 | Build | Mining Camp |
| 15:57 | Create | Villager (Male) |
| 15:58 | Age | Castle Age |
| 16:00 | Create | Villager (Male) |
| 16:08 | Build | Town Center |
| 16:22 | Build | Farm |
| 16:29 | Build | Farm |
| 16:38 | Build | Farm |
| 16:50 | Build | Stone Wall |
| 16:56 | Create | Villager (Male) |
| 17:15 | Build | Farm |
| 17:31 | Build | Town Center |
| 17:35 | Create | Villager (Male) |
| 17:41 | Build | Farm |
| 17:59 | Research | Wheelbarrow |
| 18:14 | Create | Villager (Male) |
| 18:16 | Create | Villager (Male) |
| 18:16 | Create | Villager (Male) |
| 18:23 | Build | Farm |
| 18:26 | Build | Farm |
| 18:29 | Build | Farm |
| 18:30 | Research | Horse Collar |
| 18:46 | Build | Farm |
| 18:48 | Create | Villager (Male) |
| 18:49 | Create | Villager (Male) |
| 19:00 | Build | Stone Wall |
| 19:09 | Create | Villager (Male) |
| 19:09 | Create | Villager (Male) |
| 19:24 | Build | Farm |
| 19:26 | Create | Villager (Male) |
| 19:36 | Build | Stone Wall |
| 19:38 | Create | Villager (Male) |
| 19:38 | Create | Villager (Male) |
| 19:50 | Create | Villager (Male) |
| 19:59 | Create | Villager (Male) |
| 19:59 | Create | Villager (Male) |
| 20:11 | Create | Villager (Male) |
| 20:12 | Create | Villager (Male) |
| 20:22 | Build | Town Center |
| 20:24 | Create | Villager (Male) |
| 20:24 | Create | Villager (Male) |
| 20:24 | Create | Villager (Male) |
| 20:29 | Build | Farm |
| 20:38 | Create | Villager (Male) |
| 20:38 | Create | Villager (Male) |
| 20:44 | Build | Farm |
| 20:45 | Build | Farm |
| 20:48 | Build | Farm |
| 20:51 | Build | Farm |
| 20:56 | Build | Farm |
| 20:56 | Create | Villager (Male) |
| 20:57 | Create | Villager (Male) |
| 20:57 | Create | Villager (Male) |
| 21:03 | Build | Farm |
| 21:08 | Build | Farm |
| 21:10 | Create | Villager (Male) |
| 21:10 | Create | Villager (Male) |
| 21:10 | Create | Villager (Male) |
| 21:16 | Build | House |
| 21:17 | Build | House |
| 21:41 | Research | Bow Saw |
| 21:46 | Create | Villager (Male) |
| 21:46 | Create | Villager (Male) |
| 21:51 | Build | Farm |
| 21:53 | Create | Villager (Male) |
| 21:53 | Create | Villager (Male) |
| 21:55 | Create | Villager (Male) |
| 21:55 | Create | Villager (Male) |
| 21:56 | Create | Villager (Male) |
| 22:07 | Create | Villager (Male) |
| 22:07 | Create | Villager (Male) |
| 22:12 | Build | Farm |
| 22:16 | Build | Farm |
| 22:16 | Create | Villager (Male) |
| 22:16 | Create | Villager (Male) |
| 22:17 | Create | Villager (Male) |
| 22:27 | Build | House |
| 22:27 | Build | House |
| 22:37 | Create | Villager (Male) |
| 22:38 | Create | Villager (Male) |
| 22:39 | Create | Villager (Male) |
| 22:39 | Create | Villager (Male) |
| 22:40 | Create | Villager (Male) |
| 22:47 | Create | Villager (Male) |
| 22:48 | Create | Villager (Male) |
| 23:04 | Create | Villager (Male) |
| 23:05 | Create | Villager (Male) |
| 23:05 | Create | Villager (Male) |
Match timeline
| 0:41 | Almighty_Ares · wall_segment Palisade Wall x11 |
| 2:22 | Chaos · wall_segment Palisade Wall x1 |
| 2:34 | Mihail · wall_segment Palisade Wall x6 |
| 2:42 | Almighty_Ares · wall_segment Palisade Wall x1 |
| 2:45 | Chaos · wall_segment Palisade Wall x14 |
| 4:07 | Mihail · wall_segment Palisade Wall x1 |
| 6:03 | Mihail · wall_segment Palisade Wall x1 |
| 6:04 | Mihail · wall_segment Palisade Wall x1 |
| 6:05 | Mihail · wall_segment Palisade Wall x1 |
| 6:06 | Mihail · wall_segment Palisade Wall x1 |
| 7:45 | Mihail · wall_segment Palisade Wall x7 |
| 7:47 | Mihail · wall_segment Palisade Wall x1 |
| 7:48 | Mihail · wall_segment Palisade Wall x1 |
| 8:12 | Mihail · wall_segment Palisade Wall x1 |
| 8:13 | Mihail · wall_segment Palisade Wall x1 |
| 10:13 | Mihail · wall_segment Palisade Wall x1 |
| 10:27 | Mihail · wall_segment Palisade Wall x1 |
| 10:29 | Nasenbär · age_up feudal |
| 10:58 | 2rich4u81 · age_up feudal |
| 11:26 | What's bro yappin about? · age_up feudal |
| 11:46 | Almighty_Ares · wall_segment Palisade Wall x10 |
| 12:12 | Chaos · age_up feudal |
| 12:35 | Lippfischi · age_up feudal |
| 12:39 | Almighty_Ares · age_up feudal |
| 12:40 | TheSnoxy · age_up feudal |
| 12:41 | Mihail · first_building Barracks |
| 13:00 | Lippfischi · wall_segment Stone Wall x11 |
| 13:29 | Lippfischi · first_market_sell 100 wood |
| 13:31 | Lippfischi · first_market_buy 100 food |
| 14:00 | Nasenbär · age_up castle |
| 14:06 | Almighty_Ares · wall_segment Stone Wall x9 |
| 14:10 | Nasenbär · first_market_buy 100 wood |
| 14:12 | Mihail · age_up feudal |
| 14:55 | 2rich4u81 · age_up castle |
| 15:06 | What's bro yappin about? · first_market_sell 100 food |
| 15:07 | What's bro yappin about? · first_market_buy 100 wood |
| 15:22 | What's bro yappin about? · age_up castle |
| 15:43 | TheSnoxy · first_building Barracks |
| 15:51 | Chaos · age_up castle |
| 15:54 | Mihail · first_building Archery Range |
| 15:58 | Almighty_Ares · age_up castle |
| 16:24 | Lippfischi · age_up castle |
| 16:46 | TheSnoxy · first_building Stable |
| 16:50 | Almighty_Ares · wall_segment Stone Wall x10 |
| 17:23 | Almighty_Ares · first_market_buy 100 stone |
| 17:24 | Mihail · wall_segment Stone Wall x5 |
| 17:40 | Mihail · first_market_buy 100 wood |
| 18:08 | Mihail · age_up castle |
| 18:15 | TheSnoxy · age_up castle |
| 18:20 | Mihail · first_market_sell 100 food |
| 18:28 | Lippfischi · first_building Siege Workshop |
| 18:54 | What's bro yappin about? · first_building Monastery |
| 19:00 | Almighty_Ares · wall_segment Stone Wall x2 |
| 19:36 | Almighty_Ares · wall_segment Stone Wall x1 |
| 20:33 | 2rich4u81 · first_market_buy 100 stone |
| 21:48 | Mihail · first_building Castle |
| 22:33 | Nasenbär · first_building Monastery |
| 23:16 | TheSnoxy · first_building Monastery |
| 23:20 | Lippfischi · first_building Castle |
| 24:08 | Chaos · first_building Siege Workshop |
| 24:25 | What's bro yappin about? · first_building Castle |
| 24:37 | Chaos · first_market_buy 100 stone |
| 24:46 | Chaos · first_building Castle |
| 25:03 | Mihail · first_building Monastery |
| 25:08 | Almighty_Ares · first_building Barracks |
| 25:28 | Almighty_Ares · wall_segment Stone Wall x8 |
| 25:30 | Nasenbär · first_building Castle |
| 25:48 | Nasenbär · first_market_sell 100 food |
| 25:54 | 2rich4u81 · first_building Castle |
| 26:05 | Almighty_Ares · first_building Archery Range |
| 26:24 | What's bro yappin about? · first_building Siege Workshop |
| 26:40 | Almighty_Ares · wall_segment Stone Wall x8 |
| 26:42 | Nasenbär · first_building Barracks |
| 27:34 | Chaos · first_building Barracks |
| 27:41 | Lippfischi · first_building Monastery |
| 27:51 | Nasenbär · first_building Stable |
| 27:58 | Almighty_Ares · wall_segment Stone Wall x6 |
| 28:07 | Almighty_Ares · first_building Castle |
| 29:06 | What's bro yappin about? · first_building Barracks |
| 29:45 | 2rich4u81 · first_building Barracks |
| 30:04 | Almighty_Ares · wall_segment Stone Wall x8 |
| 30:09 | Almighty_Ares · wall_segment Stone Wall x8 |
| 30:19 | Nasenbär · age_up imperial |
| 30:25 | Chaos · age_up imperial |
| 30:35 | What's bro yappin about? · age_up imperial |
| 30:39 | Almighty_Ares · first_market_sell 100 wood |
| 30:53 | Lippfischi · first_building Barracks |
| 30:54 | Mihail · first_building Stable |
| 30:57 | What's bro yappin about? · first_building Archery Range |
| 30:59 | What's bro yappin about? · first_building Stable |
| 31:08 | 2rich4u81 · first_building Stable |
| 31:23 | 2rich4u81 · age_up imperial |
| 31:55 | Mihail · age_up imperial |
| 33:08 | Almighty_Ares · tribute_sent a jugador 1 |
| 33:08 | Almighty_Ares · tribute_sent a jugador 2 |
| 33:08 | Almighty_Ares · tribute_sent a jugador 3 |
| 33:08 | Almighty_Ares · tribute_sent a jugador 4 |
| 33:08 | Almighty_Ares · tribute_sent a jugador 5 |
| 33:08 | Almighty_Ares · tribute_sent a jugador 6 |
| 33:08 | Almighty_Ares · tribute_sent a jugador 7 |
| 33:18 | Lippfischi · first_building Archery Range |
| 33:39 | Lippfischi · age_up imperial |
| 34:04 | TheSnoxy · age_up imperial |
| 34:20 | Chaos · first_market_sell 100 food |
| 34:33 | Almighty_Ares · age_up imperial |
| 38:10 | 2rich4u81 · tribute_sent a jugador 1 |
| 38:10 | 2rich4u81 · tribute_sent a jugador 3 |
| 38:10 | 2rich4u81 · tribute_sent a jugador 4 |
| 38:10 | 2rich4u81 · tribute_sent a jugador 5 |
| 38:10 | 2rich4u81 · tribute_sent a jugador 6 |
| 38:10 | 2rich4u81 · tribute_sent a jugador 7 |
| 38:10 | 2rich4u81 · tribute_sent a jugador 8 |
| 38:18 | Nasenbär · tribute_sent a jugador 1 |
| 38:18 | Nasenbär · tribute_sent a jugador 2 |
| 38:18 | Nasenbär · tribute_sent a jugador 3 |
| 38:18 | Nasenbär · tribute_sent a jugador 4 |
| 38:18 | Nasenbär · tribute_sent a jugador 6 |
| 38:18 | Nasenbär · tribute_sent a jugador 7 |
| 38:18 | Nasenbär · tribute_sent a jugador 8 |
| 38:40 | 2rich4u81 · first_market_sell 100 wood |
| 39:52 | TheSnoxy · first_market_sell 500 wood |
| 40:32 | Almighty_Ares · tribute_sent a jugador 1 |
| 40:32 | Almighty_Ares · tribute_sent a jugador 2 |
| 40:32 | Almighty_Ares · tribute_sent a jugador 3 |
| 40:32 | Almighty_Ares · tribute_sent a jugador 4 |
| 40:32 | Almighty_Ares · tribute_sent a jugador 5 |
| 40:32 | Almighty_Ares · tribute_sent a jugador 6 |
| 40:32 | Almighty_Ares · tribute_sent a jugador 7 |
| 45:01 | Nasenbär · tribute_sent a jugador 1 |
| 45:01 | Nasenbär · tribute_sent a jugador 2 |
| 45:01 | Nasenbär · tribute_sent a jugador 3 |
| 45:01 | Nasenbär · tribute_sent a jugador 4 |
| 45:01 | Nasenbär · tribute_sent a jugador 6 |
| 45:01 | Nasenbär · tribute_sent a jugador 7 |
| 45:01 | Nasenbär · tribute_sent a jugador 8 |
| 50:11 | Almighty_Ares · tribute_sent a jugador 1 |
| 50:11 | Almighty_Ares · tribute_sent a jugador 2 |
| 50:11 | Almighty_Ares · tribute_sent a jugador 3 |
| 50:11 | Almighty_Ares · tribute_sent a jugador 4 |
| 50:11 | Almighty_Ares · tribute_sent a jugador 5 |
| 50:11 | Almighty_Ares · tribute_sent a jugador 6 |
| 50:11 | Almighty_Ares · tribute_sent a jugador 7 |
| 52:00 | Almighty_Ares · wall_segment Stone Wall x10 |
| 52:03 | 2rich4u81 · tribute_sent a jugador 1 |
| 52:03 | 2rich4u81 · tribute_sent a jugador 3 |
| 52:03 | 2rich4u81 · tribute_sent a jugador 4 |
| 52:03 | 2rich4u81 · tribute_sent a jugador 5 |
| 52:03 | 2rich4u81 · tribute_sent a jugador 6 |
| 52:03 | 2rich4u81 · tribute_sent a jugador 7 |
| 52:03 | 2rich4u81 · tribute_sent a jugador 8 |
| 54:27 | Lippfischi · resign |
[ AI ANALYSIS · 1 CREDIT ]
What really happened in this match?
Wolo.gg analyzes every decision: build order, eco, micro, common mistakes by bracket. Personalized analysis on WhatsApp or Discord in 30 seconds.
Civ guide
Mongols
Map guide
Black Forest
Perfil
Jugador #944821